 Dungeon Crawl Stone Soup version 0.27-a0-1334-g2746e35aca (webtiles) character file.

Game seed: 7153286609473888750

80 HoaS the Ruffian (level 3, -1/27 (29) HPs)
             Began as a Demigod Gladiator on June 26, 2021.
             Slain by a hound (3 damage)
             ... on level 4 of the Dungeon.
             The game lasted 00:03:14 (1703 turns).

HoaS the Ruffian (Demigod Gladiator)                Turns: 1703, Time: 00:03:14

HP:   -1/27 (29)    AC:  7    Str: 19    XL:     3   Next: 98%
MP:   5/5           EV: 11    Int: 10    God:
Gold: 75            SH:  0    Dex: 15    Spells: 2/2 levels left

rFire    . . .     SeeInvis .     - Unarmed
rCold    . . .     Faith    .   (no shield)
rNeg     . . .     Spirit   .   f - +0 ring mail
rPois    .         Reflect  .   b - +1 helmet
rElec    .         Harm     .   (no cloak)
rCorr    .         Rampage  .   (no gloves)
Will     +....                  (no boots)
Stlth    +.........             (no amulet)
HPRegen  0.09/turn              e - ring of willpower
MPRegen  0.09/turn              (no ring)

@: drained
A: high mp 1, forlorn
a: no special abilities


You were on level 4 of the Dungeon.
You visited 1 branch of the dungeon, and saw 3 of its levels.

You collected 75 gold pieces.

Inventory:

Missiles
 c - 3 throwing nets (quivered)
Armour
 b - a +1 helmet (worn)
 f - a +0 ring mail (worn)
Jewellery
 e - a ring of willpower (left hand)
Scrolls
 h - a scroll of teleportation {unknown}
Potions
 a - 2 potions of curing {unknown}
 d - 2 potions of ambrosia {unknown}
 g - a potion of berserk rage {unknown}
 i - a potion of flight {unknown}


   Skills:
 - Level 1.7 Fighting
 - Level 1.7 Throwing
 - Level 2.6 Dodging
 + Level 4.6 Unarmed Combat


You had 2 spell levels left.
You didn't know any spells.
Your spell library was empty.

Dungeon Overview and Level Annotations

Branches:
Dungeon (2/15)


Innate Abilities, Weirdness & Mutations

Your attributes grow dramatically as you level up.
You have an increased reservoir of magic. (+10% MP)
You shall have no god before yourself.


Message History

The hound skeleton bites you but does no damage.
You hit the hound skeleton.
The hound skeleton is severely damaged.
The hound skeleton barely misses you.
You barely miss the hound skeleton.
The hound skeleton is severely damaged.
The hound skeleton closely misses you.
You hit the hound skeleton.
The hound skeleton is almost destroyed.
The hound skeleton completely misses you.
The hound skeleton bites you.
You hit the hound skeleton.
You destroy the hound skeleton!
Found an escape hatch in the ceiling.
No target in view!
i - a murky golden potion You hear the hiss of a distant avalanche of sand.
A hound comes into view.
The hound barks!
The hound stops to sniff the ground.
A necrophage comes into view.
The hound misses you.
You closely miss the hound. The hound barely misses you.
You hit the necrophage.
The necrophage is lightly damaged.
The hound closely misses you. x2
The hound bites you. The hound bites you. The necrophage hits you.
You feel drained. The hound bites you. The hound bites you.
* * * LOW HITPOINT WARNING * * *
The hound bites you.
* * * LOW HITPOINT WARNING * * *
The hound closely misses you. The hound bites you.
* * * LOW HITPOINT WARNING * * *
The hound misses you.
You barely miss the hound. The hound bites you.
You die...

####..(.........# ########
#....#.....#..... .....<.##
#.####.....#.....
........#########.## #.....##...#
..##...............###......#...#
..##.#......................##.##
................n####.###....#.#.
#.#####..#######h# #...###.#####
#.#####..# #@# #.....###...#
#........# #.# #.......#._.+
#######..# #.# ##....###...# #..#
#.# #..###.##### #..# #.#
####....#.#. #..#
#.#####......##.## #..#
#....##......#...# #######..#
####.##.....##...# .........#
#...........#.....


You could see a necrophage and a hound.

Vanquished Creatures
  A hound skeleton (D:4)
  An adder (D:4)
  A white imp (D:4)
  2 dart slugs
  4 bats
  6 endoplasms
  2 goblins (D:2)
  3 hobgoblins
  3 jackals (D:1)
  8 kobolds
  2 quokkas (D:1)
  7 ball pythons (D:1)
  2 frilled lizards (D:2)
  4 rats
46 creatures vanquished.

Notes
Turn   | Place    | Note
-------+----------+-------------------------------------------
     0 | D:1      | HoaS the Demigod Gladiator began the quest for the Orb.
     0 | D:1      | Reached XP level 1. HP: 17/17 MP: 3/3
   119 | D:1      | Reached skill level 3 in Unarmed Combat
   190 | D:1      | Reached XP level 2. HP: 17/24 MP: 4/4
  1145 | D:2      | Reached XP level 3. HP: 29/29 MP: 5/5
  1159 | D:2      | Reached skill level 4 in Unarmed Combat
  1468 | D:2      | You fall into a shaft and drop 2 floors!
  1682 | D:4      | Noticed a necrophage
  1703 | D:4      | Slain by a hound

Illustrated notes

Levels and vault maps discovered:
D:1:      lightli_molten_gateway, layout_loops_ring
D:2:      minmay_recursive_quarters, layout_basic,
          chequers_ecumenical_altar_grove
D:4:      layout_loops_ring, grunt_temple_overflow_opulence,
          nicolae_ashenzari_panopticon, chequers_ossuary_entry_cave

Skill      XL: |  1  2  3 |
---------------+----------+-----
Unarmed Combat | 3 4 |  4.6
Fighting       | |  1.7
Throwing       | |  1.7
Dodging        | |  2.6

Action                   || total
-------------------------++-------
Melee: Unarmed           ||   162
       Punch             ||     1
  Use: Scroll            ||     1
Armor: Leather armour    ||     8
       Ring mail         ||    36
Dodge: Dodged            ||   116

Table legend: (Time is in decaauts)
 A = Elapsed time spent in this place.
 B = Non-inter-level travel time spent in this place.
 C = Inter-level travel time spent in this place.
 D = Time resting spent in this place.
 E = Time spent auto-exploring this place.
 F = Levels seen in this place.
 G = Mean time per level.
                   A        B        C        D        E       F      G
               +--------+--------+--------+--------+--------+-----+--------+
         Total |   1690 |   1666 |     24 |    613 |    721 |   3 |  563.3 |
       Dungeon |   1690 |   1666 |     24 |    613 |    721 |   3 |  563.3 |
               +--------+--------+--------+--------+--------+-----+--------+

Top non-repeatable levels by time:
     D:1: 1111 daAuts
     D:2: 347 daAuts
     D:4: 231 daAuts
